 Dungeon Crawl Stone Soup version bcrawl-1.13-2-g5ca86534bc (webtiles) character file.

Game seed: 8327471619020494490

129941 Chiseanne the Nimble (level 16, -1/143 HPs)
             Began as a Demigod Archaeologist on July 31, 2019.
             Slain by an alligator (18 damage)
             ... on level 6 of the Lair of Beasts on Aug 1, 2019.
             The game lasted 01:03:55 (19855 turns).

Chiseanne the Nimble (Demigod Archaeologist)       Turns: 19855, Time: 01:03:56

Health: -1/143     AC: 20    Str: 19    XL:     16   Next: 51%
Magic:  0/35       EV: 30    Int: 20    God:    Demigod [******]
Gold:   1876       SH:  5    Dex: 24    Spells: 34/36 levels left

rFire    + . .     SeeInvis .   a - +7 Screaming Sword {slice, sonic wave}
rCold    . . .     Gourm    .   (no shield)
rNeg     . . .     Faith    .   m - +4 troll leather armour {Purgy}
rPois    +         Spirit   +   c - +2 helmet
rElec    .         Reflect  .   p - scarf {cloud immunity}
rCorr    .         Harm     .   Z - +2 pair of gloves
MR       +....                  Q - +2 pair of boots
Stlth    ++++......             H - amulet of guardian spirit
HPRegen  0.73/turn              R - ring of poison resistance
MPRegen  0.24/turn              u - ring of protection from fire

@: agile, very slightly contaminated
A: high mp 1
a: Temporal Distortion, Growth, Major Destruction, Heroism, Divine Shield,
Smiting


You were on level 6 of the Lair of Beasts.
You worshipped Demigod.
Demigod was exalted by your worship.
You were hungry.

You visited 3 branches of the dungeon, and saw 19 of its levels.
You also visited: Sewer, Ossuary and Bailey.

You collected 2215 gold pieces.
You spent 339 gold pieces at shops.

Inventory:

Hand Weapons
 a - the +7 Screaming Sword (weapon) {slice, sonic wave}

   It inflicts extra damage upon your enemies.
 d - the +5 dire flail "Liocvoj" {protect, rPois}
   (You took it off a centaur warrior on level 7 of the Dungeon)

   It grants its wielder temporary protection when it strikes (+7 to AC).
   It protects you from poison.
 s - a +8 scimitar of flaming
 v - the +8 morningstar "Kuonebri" {crush, rF+ MR- Dex+6}
   (You found it on level 3 of the Lair of Beasts)

   It inflicts extra damage upon your enemies.
   It affects your dexterity (+6).
   It protects you from fire.
   It affects your resistance to hostile enchantments.
 O - the +3 rapier of Plunder {antimagic, rC+, unknown}
   (You found it on level 6 of the Lair of Beasts)

   It reduces the magical energy of the wielder, and disrupts the spells and
   magical abilities of those hit.
   Natural abilities and divine invocations are not affected.
   It protects you from cold.
Missiles
 F - 50 poisoned tomahawks (quivered)
 G - 4 throwing nets {!f}
Armour
 c - a +2 helmet (worn)
 m - a +4 troll leather armour (worn) {Purgy}
 p - a scarf of cloud immunity (worn)
 C - a +1 ring mail of fire resistance
 Q - a +2 pair of boots (worn)
 Z - a +2 pair of gloves (worn)
Jewellery
 j - an uncursed ring of see invisible
 r - an uncursed ring of insulation
 t - an uncursed amulet of regeneration
 u - a ring of protection from fire (right hand)
 H - an amulet of guardian spirit (around neck)
 M - an uncursed ring of positive energy
 R - a ring of poison resistance (left hand)
Wands
 f - a wand of paralysis (8)
 o - a wand of iceblast (9)
 z - a wand of acid (4)
 K - a wand of disintegration (27)
Scrolls
 b - 6 scrolls of teleportation
 h - 5 scrolls of immolation
 l - 5 scrolls of remove curse
 n - 2 scrolls of enchant armour
 y - 2 scrolls of blinking
 D - 7 scrolls of amnesia
 P - 2 scrolls of fear
 S - 3 scrolls of fog
 T - a scroll of magic mapping
Potions
 e - a potion of magic
 i - a potion of heal wounds
 k - 4 potions of might
 w - 4 potions of berserk rage
 x - a potion of cancellation
 B - 2 potions of haste
 E - a potion of brilliance
 I - 3 potions of flight
 J - 4 potions of ambrosia
 U - 5 potions of invisibility
 V - 2 potions of resistance
 W - 3 potions of agility
 Y - 2 potions of curing
Miscellaneous
 A - a phantom mirror
 L - a sack of spiders
 N - a box of beasts
Comestibles
 g - 26 rations {!d}
 q - 6 chunks of flesh


   Skills:
 * Level 13.1 Fighting
 - Level 10.8 Long Blades
 - Level 0.8 Maces & Flails
 * Level 4.9 Throwing
 - Level 10.3 Armour
 * Level 13.2 Dodging
 - Level 3.0 Stealth
 - Level 10.8 Spellcasting
   Level 5.0 Charms
 - Level 6.3 Evocations


You had 34 spell levels left.
You knew the following spells:

 Your Spells              Type           Power        Failure   Level  Hunger
a - Blink                 Tloc           N/A          11%         2    None

Your spell library contained the following spells:

 Spells                   Type           Power        Failure   Level  Hunger
 Corona                   Hex            ##.....      8%          1    None
 Flame Tongue             Conj/Fire      ##...        8%          1    None
 Magic Dart               Conj           ##..         8%          1    None
 Slow                     Hex            ##......     8%          1    None
 Ozocubu's Armour         Chrm/Ice       ###.....     8%          3    None
 Spectral Weapon          Hex/Chrm       ###.....     8%          3    None
 Call Imp                 Summ           ##......     11%         2    None
 Corpse Rot               Necr           N/A          11%         2    None
 Ensorcelled Hibernation  Hex/Ice        ##....       11%         2    None
 Confuse                  Hex            ##......     22%         3    None
 Conjure Flame            Conj/Fire      ##......     22%         3    None
 Dazzling Spray           Conj/Hex       ##....       22%         3    None
 Ignite Poison            Fire/Tmut/Pois ##......     22%         3    None
 Mephitic Cloud           Conj/Pois/Air  ##......     22%         3    None
 Spider Form              Tmut/Pois      ##.          22%         3    None
 Tukima's Dance           Hex            ##......     22%         3    None
 Piercing Shot            Chrm           ####......   26%         5    ####...
 Silence                  Hex/Air        ##........   90%         5    ####...
 Summon Lightning Spire   Summ/Air       ##......     90%         5    ####...
 Deflect Missiles         Chrm/Air       ###.......   99%         6    ######.
 Conjure Ball Lightning   Conj/Air       ##........   100%        6    ######.
 Freezing Cloud           Conj/Ice/Air   ##........   100%        6    ######.
 Discord                  Hex            ##........   100%        8    #######
 Dragon's Call            Summ           ##........   100%        9    #######
 Tornado                  Air            ##........   100%        9    #######


Dungeon Overview and Level Annotations

Branches:
Dungeon (12/12)            Temple (0/1) D:5            Lair (6/6) D:7
 Shoals (0/3) Lair:2        Snake (0/3) Lair:2        Slime (0/5) Lair:5
    Orc (1/1) D:8             Elf (0/3) Orc          Vaults (0/3) D:11
 Depths (0/5) D:12

Shops:
D:8 :   D:9 (   D:10 :   Orc %:=(

Portals:
Trove: D:10 (give horn of Geryon)

Annotations:
D:10 exclusion: door


Innate Abilities, Weirdness & Mutations

You have an increased reservoir of magic. (+10% MP)


Message History

The alligator is heavily wounded.
The alligator bites you!!
* * * LOW HITPOINT WARNING * * *
The alligator closely misses you.
You hit the alligator.
The alligator is heavily wounded.
The alligator closely misses you. The alligator completely misses you.
You slice the alligator!!
The alligator is severely wounded.
The alligator misses you. The alligator closely misses you.
A warg comes into view.
You block the alligator's attack. The alligator tail-slaps you.
* * * LOW HITPOINT WARNING * * *
The warg howls!
You slash the alligator!
The alligator is almost dead.
You hear a howl!
The alligator bites you!!
You die...
Your divinity fades.

## ... ##.# ..h ##....
.... ###.... .....
#..... ...## #..#
##.%.###..#######
.##...†#†...#...#.####
......t@#†.......#÷..###
.###..††#.#............#
#%...#.##.#.#.#.....#P
##..#P##########...#P.
##### ####... ##...
##P... ##P.... #........


You could see an alligator and a warg.

Vanquished Creatures
  The ghost of Killmatronix the Marksminotaur, a journeyman MiAc of Gozag (Orc)
  An ettin (D:12)
  Harold (D:9)
  Erolcha (Orc)
  3 hydras
  4 vault guards (D:11)
  4 centaur warriors
  An ice dragon (Lair:3)
  12 two-headed ogres
  6 death yaks (Lair:5)
  3 ogre magi
  A queen ant (Lair:1)
  4 skeletal warriors (D:11)
  An unseen horror (D:12)
  3 deep trolls
  2 wizards (D:11)
  6 orc knights
  5 cyclopes
  A lindwurm (shapeshifter) (D:12)
  A deep elf archer (D:12)
  An orc sorcerer (Orc)
  Pikel (D:4)
  A wolf spider zombie (D:11)
  3 deep elf magi
  5 oklob plants (Lair:1)
  3 ugly things
  11 elephants
  2 black mambas
  Joseph (D:7)
  10 cane toads
  2 rime drakes
  An efreet (D:8)
  5 komodo dragons
  2 merfolk (Lair:2)
  14 trolls
  8 polar bears (Lair:6)
  22 blink frogs
  12 dream sheep
  4 slime creatures
  8 hippogriffs
  A blink frog (shapeshifter) (D:11)
  A raiju (Lair:6)
  A shadow (D:12)
  Sigmund (D:6)
  6 wyverns
  39 yaks
  3 hogs (D:7)
  A human (D:7)
  3 basilisks
  3 hungry ghosts
  3 vampire mosquitoes (D:12)
  3 wargs
  7 nagas (Lair:2)
  2 acid dragons (Lair:6)
  11 water moccasins
  20 soldier ants
  5 hell hounds (Lair:6)
  Edmund (D:6)
  12 black bears
  3 porcupines
  Purgy (D:3)
  A swamp drake (Lair:6)
  3 sky beasts
  2 ice beasts (D:8)
  24 orc warriors
  2 slaves (D:4)
  4 phantoms
  2 necrophages
  An eye of draining (shapeshifter) (D:11)
  22 ogres
  11 wolves
  5 centaurs
  13 crocodiles
  A big kobold (D:11)
  13 bullfrogs
  A wyvern zombie (D:6)
  A hornet simulacrum (D:12)
  13 scorpions
  13 wights
  2 electric eels
  8 crimson imps
  3 howler monkeys
  A bullfrog zombie (D:6)
  6 centaur zombies
  6 jellies
  9 orc priests
  6 hounds
  5 centaur skeletons
  A gnoll shaman (D:6)
  8 iguanas
  31 worker ants
  Ijyb (D:4)
  17 orc wizards
  A killer bee zombie (D:6)
  2 big kobold zombies (Ossuary)
  A hound zombie (D:4)
  A hound skeleton (D:7)
  4 mummies
  A howler monkey zombie (D:7)
  8 gnolls (D:6)
  4 scorpion zombies (Ossuary)
  11 adders
  6 shadow imps
  2 oozes
  An adder zombie (D:7)
  An adder skeleton (D:5)
  3 worms
  A dart slug (D:4)
  5 leopard geckos
  92 orcs
  2 bats
  2 giant cockroaches
  4 gnoll zombies (Ossuary)
  7 goblins
  2 hobgoblins
  6 jackals
  5 kobolds
  2 quokkas
  2 ball pythons
  5 frilled lizards
  3 goblin zombies (Ossuary)
  A hobgoblin zombie (Ossuary)
  2 jackal skeletons
  3 kobold zombies
  5 orc zombies
  3 rats
  2 plants (Lair:6)
740 creatures vanquished.

Vanquished Creatures (collateral kills)
  A worker ant (Lair:2)
1 creature vanquished.

Vanquished Creatures (others)
  A worker ant (D:8)
  An orc (D:12)
  6 fungi
  10 plants
18 creatures vanquished.

Grand Total: 759 creatures vanquished

Notes
Turn   | Place    | Note
-------+----------+-------------------------------------------
     0 | D:1      | Chiseanne the Demigod Archaeologist began the quest for the
                  | Orb.
     0 | D:1      | Reached XP level 1. HP: 15/15 MP: 3/3
    48 | D:1      | Reached skill level 1 in Fighting
   448 | D:1      | Reached XP level 2. HP: 18/24 MP: 4/4
  1406 | D:2      | Found a shattered altar of Ashenzari.
  1624 | D:2      | Reached XP level 3. HP: 30/30 MP: 5/5
  1713 | D:2      | Reached skill level 1 in Long Blades
  2063 | D:3      | Noticed Purgy
  2092 | D:3      | Killed Purgy
  2092 | D:3      | Reached XP level 4. HP: 26/37 MP: 6/6
  2193 | D:3      | Reached skill level 5 in Long Blades
  2193 | D:3      | Reached XP level 5. HP: 42/42 MP: 7/7
  2317 | D:3      | Found a hazy altar of Hepliaklqana.
  2338 | D:3      | Found a snail-covered altar of Cheibriados.
  2339 | D:3      | Found an ancient bone altar of Kikubaaqudgha.
  2342 | D:3      | Found a deep blue altar of Sif Muna.
  2342 | D:3      | Found a shimmering altar of Xom.
  2342 | D:3      | Found an ornate altar of the Wu Jian Council.
  2622 | D:3      | Found a glowing drain.
  2639 | Sewer    | Entered a sewer
  2666 | Sewer    | Noticed a crocodile
  2680 | Sewer    | Killed a crocodile
  2680 | Sewer    | Reached XP level 6. HP: 35/50 MP: 8/8
  2783 | D:3      | Reached * piety under Demigod
  2927 | D:3      | Reached skill level 1 in Armour
  3247 | D:4      | Reached XP level 7. HP: 45/57 MP: 9/9
  3427 | D:4      | Noticed Pikel
  3452 | D:4      | Killed Pikel
  3452 | D:4      | Reached XP level 8. HP: 56/67 MP: 10/10
  3512 | D:4      | Noticed Ijyb
  3520 | D:4      | Killed Ijyb
  3962 | D:5      | Entered Level 5 of the Dungeon
  4163 | D:5      | Found a burning altar of Makhleb.
  4165 | D:5      | Found a glowing silver altar of Zin.
  4166 | D:5      | Noticed an angel
  4166 | D:5      | Noticed a blizzard demon
  4190 | D:5      | Found a staircase to the Ecumenical Temple.
  4221 | D:5      | Reached skill level 5 in Fighting
  4221 | D:5      | Reached skill level 5 in Dodging
  4644 | D:6      | Noticed Edmund
  4651 | D:6      | Reached ** piety under Demigod
  4662 | D:6      | Killed Edmund
  4745 | D:6      | Noticed Sigmund
  4792 | D:6      | Reached XP level 9. HP: 66/74 MP: 9/11
  4820 | D:6      | Reached skill level 5 in Armour
  5117 | D:6      | Killed Sigmund
  5312 | D:6      | Found a deep blue altar of Sif Muna.
  5431 | D:7      | Found a sparkling altar of Nemelex Xobeh.
  5469 | D:7      | Reached *** piety under Demigod
  5541 | D:7      | Found a bloodstained altar of Trog.
  5851 | D:7      | Identified the +5 dire flail "Liocvoj" {protect, rPois}
  5851 | D:7      | Noticed a centaur warrior
  5851 | D:7      | Noticed a two-headed ogre
  5853 | D:7      | Noticed a cyan ugly thing
  5858 | D:7      | Killed a two-headed ogre
  5858 | D:7      | Reached XP level 10. HP: 60/86 MP: 8/13
  5860 | D:7      | Noticed a centaur warrior
  5861 | D:7      | Killed a centaur warrior
  5864 | D:7      | Killed a centaur warrior
  5867 | D:7      | Killed a cyan ugly thing
  5928 | D:7      | Identified the Handbook of Entrancing Combat Magic
  6012 | D:7      | Noticed Joseph
  6020 | D:7      | Killed Joseph
  6167 | D:7      | Found a staircase to the Lair.
  6376 | D:7      | Reached XP level 11. HP: 84/95 MP: 11/14
  6591 | D:8      | Reached **** piety under Demigod
  6673 | D:8      | Found a sand-covered staircase.
  6679 | Ossuary  | Entered an ossuary
  7087 | D:8      | Reached ***** piety under Demigod
  7258 | D:8      | Found a flagged portal.
  7266 | Bailey   | Entered a bailey
  7643 | Bailey   | Noticed an orc knight
  7643 | Bailey   | Noticed an orc knight
  7643 | Bailey   | Noticed an orc knight
  7654 | Bailey   | Killed an orc knight
  7659 | Bailey   | Killed an orc knight
  7668 | Bailey   | Killed an orc knight
  7699 | Bailey   | Noticed an orc knight
  7710 | Bailey   | Killed an orc knight
  7963 | D:8      | Found Mademi's Book Boutique.
  8122 | D:8      | Noticed a centaur warrior
  8131 | D:8      | Killed a centaur warrior
  8452 | D:8      | Found a staircase to the Orcish Mines.
  8531 | D:9      | Noticed Harold
  8532 | D:9      | Noticed a deep elf mage
  8551 | D:8      | Reached XP level 12. HP: 46/106 MP: 7/15
  8998 | D:8      | Reached skill level 10 in Dodging
  9020 | D:9      | Reached ****** piety under Demigod
  9034 | D:9      | Killed Harold
  9034 | D:9      | Reached skill level 10 in Fighting
  9328 | D:9      | Found Pejas's Antique Weapon Shoppe.
  9346 | D:9      | Noticed a two-headed ogre
  9354 | D:9      | Killed a two-headed ogre
  9443 | D:9      | Found a blossoming altar of Fedhas.
  9549 | D:10     | Entered Level 10 of the Dungeon
  9621 | D:10     | Found Unavay's Book Shop.
 10042 | D:10     | Found a portal to a secret trove of treasure.
 10581 | D:11     | Found a gate to the Vaults.
 10581 | D:11     | Noticed a vault guard
 10581 | D:11     | Noticed a vault guard
 10581 | D:11     | Noticed a vault guard
 10581 | D:11     | Noticed a vault guard
 10592 | D:11     | Reached skill level 10 in Armour
 10598 | D:11     | Killed a vault guard
 10599 | D:11     | Killed a vault guard
 10606 | D:11     | Killed a vault guard
 10611 | D:11     | Killed a vault guard
 10964 | D:11     | Paralysed by a wizard for 3 turns
 10978 | D:11     | Reached skill level 10 in Long Blades
 10978 | D:11     | Reached skill level 1 in Evocations
 10978 | D:11     | Reached XP level 13. HP: 115/115 MP: 15/17
 11014 | D:11     | Identified the Compendium of Axaxaxas mlö
 11038 | D:11     | Identified Ts'ui Pên's Grimoire of Forking Paths
 11046 | D:11     | Identified Seimank's Volume of Dhcmrlchtdj
 11381 | D:12     | Entered Level 12 of the Dungeon
 11688 | D:12     | Noticed an ettin
 11861 | D:12     | Found a hazy altar of Hepliaklqana.
 12000 | D:12     | Killed an ettin
 12326 | D:12     | Got a heavily runed lead ring
 12440 | D:12     | Identified the ring of Neurosis {Ice rPois} (You found it
                  | on level 12 of the Dungeon)
 12465 | D:12     | Found a staircase to the Depths.
 12890 | Orc      | Entered the Orcish Mines
 12958 | Orc      | Found a roughly hewn altar of Beogh.
 13000 | Orc      | Reached skill level 5 in Evocations
 13164 | Orc      | Reached XP level 14. HP: 109/126 MP: 17/21
 13460 | Orc      | Noticed Erolcha
 13471 | Orc      | Killed Erolcha
 13515 | Orc      | Found Wedd's Jewellery Shoppe.
 13516 | Orc      | Found a staircase to the Elven Halls.
 13516 | Orc      | Found Tecovuilary's Food Shop.
 13521 | Orc      | Found Gauqusch's Antique Weapon Shop.
 13525 | Orc      | Found Keuntaxo's Book Boutique.
 13527 | Orc      | Bought a cursed ring of attention for 76 gold pieces
 13533 | Orc      | Bought a dazzling long sword for 263 gold pieces
 13534 | Orc      | Identified the cursed +0 long sword of the Immovable Suns
                  | {freeze, rPois MR- Int+2} (You bought it in a shop in the
                  | Orcish Mines)
 13750 | Orc      | Found a runed translucent door.
 13755 | Orc      | Noticed Killmatronix's ghost (journeyman MiAc)
 13841 | Orc      | Killed Killmatronix's ghost
 14052 | Lair:1   | Entered Level 1 of the Lair of Beasts
 14064 | Lair:1   | Reached skill level 1 in Spellcasting
 14103 | Lair:1   | Found a hide-covered altar of Uskayaw.
 14561 | Lair:1   | Reached skill level 5 in Spellcasting
 15647 | Lair:2   | Found a staircase to the Snake Pit.
 16084 | Lair:2   | Found a staircase to the Shoals.
 16432 | Lair:3   | Reached skill level 10 in Spellcasting
 16548 | Lair:3   | Got an encrusted morningstar
 16549 | Lair:3   | Identified the +8 morningstar "Kuonebri" {crush, rF+ MR-
                  | Dex+6} (You found it on level 3 of the Lair of Beasts)
 18109 | Lair:5   | Reached skill level 1 in Throwing
 18109 | Lair:5   | Reached XP level 15. HP: 120/134 MP: 29/34
 18113 | Lair:5   | Learned a level 2 spell: Blink
 18590 | Lair:5   | Found a staircase to the Slime Pits.
 18612 | Lair:5   | Reached skill level 5 in Charms
 18612 | Lair:5   | Reached XP level 16. HP: 141/141 MP: 35/35
 18794 | Lair:6   | Entered Level 6 of the Lair of Beasts
 19703 | Lair:6   | Got a twisted rapier
 19855 | Lair:6   | Slain by an alligator

Skill      XL: |  1  2  3  4  5  6  7  8  9 10 11 12 13 14 15 16 |
---------------+-------------------------------------------------+-----
Fighting       | 2 3 4 5 7 8 9 10 12 13 | 13.1
Long Blades    | 4 5 6 7 8 9 10 | 10.8
Armour         | 1 3 4 6 7 9 10 | 10.3
Dodging        | 3 4 5 7 8 9 10 12 13 | 13.2
Evocations     | 1 5 6 |  6.3
Spellcasting   | 10 | 10.8
Throwing       | 1 2 4 |  4.9
Charms         | 5 |  5.0
Maces & Flails | |  0.8
Stealth        | |  3.0

Action                   |  1- 3 |  4- 6 |  7- 9 | 10-12 | 13-15 | 16-18 || total
-------------------------+-------+-------+-------+-------+-------+-------++-------
Melee: Whip              |    20 |       |       |       |       |       ||    20
       Spear             |   111 |   137 |       |       |       |       ||   248
       Scimitar          |       |    59 |       |       |     6 |    14 ||    79
       Double sword      |       |    37 |   235 |   642 |   791 |   310 ||  2015
       Dire flail        |       |       |       |       |    28 |       ||    28
Throw: Stone             |       |     3 |       |       |       |       ||     3
       Tomahawk          |       |       |     4 |    60 |   105 |    33 ||   202
Evoke: Wand              |       |       |       |     1 |     9 |     1 ||    11
  Use: Scroll            |     7 |       |    10 |    19 |    16 |       ||    52
       Potion            |     2 |       |     1 |       |     7 |     6 ||    16
 Stab: Sleeping          |     8 |       |     5 |     5 |     4 |       ||    22
       Confused          |       |       |       |     3 |     7 |       ||    10
       Invisible         |       |       |       |       |       |     3 ||     3
       Distracted        |       |       |       |       |       |     2 ||     2
  Eat: Chunk             |     3 |     5 |    10 |    15 |    22 |     4 ||    59
       Ration            |       |       |       |     1 |     1 |       ||     2
Armor: Robe              |    20 |       |       |       |       |       ||    20
       Ring mail         |    38 |       |       |       |       |       ||    38
       Troll leather arm |       |    72 |    82 |   172 |   237 |   193 ||   756
Dodge: Dodged            |   119 |   129 |   213 |   721 |   954 |   698 ||  2834
Block: Other             |       |     7 |    23 |   116 |   182 |   112 ||   440
